 Dungeon Crawl Stone Soup version 0.29.1-15-g9cfb28693d (webtiles) character file.

Game seed: 8736529238618338678

13620 Arzdou the Thaumaturge (level 12, -6/84 HPs)
             Began as a Djinni Earth Elementalist on Apr 28, 2023.
             Was a Follower of Ashenzari.
             Mangled by a yak (11 damage)
             ... on level 1 of the Lair of Beasts.
             The game lasted 00:27:28 (9716 turns).

Arzdou the Thaumaturge (Djinni Earth Elementalist)  Turns: 9716, Time: 00:27:30

Health: -6/84      AC:  4    Str: 13    XL:     12   Next: 35%
Gold:   575        EV: 14    Int: 21    God:    Ashenzari [*.....] SH:  0 Dex: 15

rFire   + + .      SeeInvis .   d - +1 whip of the Fated Restlessness {vorpal, Evo, Fort} (curse)
rCold   x . .      Faith    .   (no shield)
rNeg    . . .      Spirit   .   x - +0 robe {Will+}
rPois   ∞          Reflect  .   H - +0 helmet
rElec   .          Harm     .   k - +0 cloak of the Tethered Augur {Cun, Fort} (curse)
rCorr   .          Rampage  .   (no gloves)
Will    ++...                   (boots unavailable)
Stlth   +++.......              n - amulet of regeneration
HPRegen 1.04/turn               f - ring of wizardry
MPRegen 0.00/turn               D - +6 ring of strength

@: flying
A: sickness immunity, fire resistance 2, cold vulnerability 1, float, innate
caster, HP casting, extra vitality 1
a: Renounce Religion, Curse Item, Shatter the Chains


You were on level 1 of the Lair of Beasts.
You worshipped Ashenzari.
Ashenzari was aware of your devotion.
You visited 3 branches of the dungeon, and saw 12 of its levels.
You also visited: Sewer.

You collected 575 gold pieces.

Inventory:

Hand Weapons
 d - the cursed +1 whip of the Fated Restlessness (weapon) {vorpal, Evo, Fort}
   (You took it off a kobold on level 1 of the Dungeon)

   It inflicts extra damage upon your enemies.
   It has a curse which improves the following skills: Evocations: Evocations.
   Fortitude: Armour and Shields.
Missiles
 j - a throwing net
Armour
 a - a +1 robe
 k - the cursed +0 cloak of the Tethered Augur (worn) {Cun, Fort}
   (You found it on level 5 of the Dungeon)

   It has a curse which improves the following skills: Cunning: Dodging and
   Stealth.
   Fortitude: Armour and Shields.
 x - a +0 robe of willpower (worn)
 G - a +1 robe of cold resistance
 H - a +0 helmet (worn)
Magical Staves
 K - a staff of cold
Jewellery
 f - a ring of wizardry (left hand)
 n - an amulet of regeneration (around neck)
 r - an amulet of the acrobat
 D - a +6 ring of strength (right hand)
Wands
 e - a wand of polymorph (9)
 w - a wand of charming (1)
 A - a wand of iceblast (15)
 F - a wand of quicksilver (18)
Scrolls
 c - 2 scrolls of blinking
 h - 4 scrolls of teleportation
 m - a scroll of enchant weapon
 o - 2 scrolls of vulnerability
 u - 4 scrolls of enchant armour
 y - a scroll of silence
 C - a scroll of fear
Potions
 b - 2 potions of heal wounds
 g - a potion of haste
 i - 4 potions of curing
 l - 4 potions of ambrosia
 p - a potion of berserk rage
 q - 2 potions of brilliance
 s - 4 potions of attraction
 t - a potion of flight
 v - a potion of degeneration
 z - a potion of might
 B - 2 potions of lignification
 E - a potion of cancellation
 I - a potion of resistance
 J - a potion of invisibility


   Skills:
 * Level 6.9 Fighting
 + Level 4.4(5.2) Dodging
 + Level 3.7(4.5) Stealth
 * Level 13.3 Spellcasting


You had 15 spell levels left.
You knew the following spells:

 Your Spells              Type           Power      Damage    Failure   Level
a - Sandblast             Erth           100%       2d20      0%          1
b - Passwall              Tmut/Erth      52%        N/A       1%          2
c - Stone Arrow           Conj/Erth      100%       3d13      1%          3
d - Petrify               Tmut/Erth      63%        N/A       1%          4
e - Necrotise             Necr           100%       1d9       0%          1
f - Wereblood             Tmut           63%        N/A       1%          2
g - Ensorcelled Hibernat  Hex/Ice        100%       N/A       1%          2
h - Lesser Beckoning      Tloc           63%        N/A       1%          3
i - Sticky Flame          Conj/Fire      63%        2d8       1%          4
Your spell library was empty.

Dungeon Overview and Level Annotations

Branches:
Dungeon (10/15)            Temple (1/1) D:7            Lair (1/5) D:8
    Orc (0/2) D:9           Sewer (visited)

Altars:
Ashenzari
Cheibriados
Dithmenos
Elyvilon
Fedhas
Gozag
Hepliaklqana
Makhleb
Nemelex Xobeh
Okawaru
Qazlal
Ru
Trog
Uskayaw
Wu Jian
Xom
Yredelemnul
Zin
The Shining One


Innate Abilities, Weirdness & Mutations

You are immune to sickness and miasma.
You are immune to poison.
Your flesh is very heat resistant. (rF++)
You are vulnerable to cold. (rC-)
You float through the air rather than walking.
You learn spells naturally, not from books.
Your magical power is your life essence.
You have superior vitality. (+4 MHP)


Message History

The five-headed hydra bites you. The five-headed hydra bites you!
The five-headed hydra bites you.
The five-headed hydra barely misses you.
The five-headed hydra bites you!
Casting: Stone Arrow (safe; 1% risk of failure)
Confirm with . or Enter, or press ? or * to list all spells.
Aiming: Stone Arrow (safe; 1% risk of failure)
Press: ? - help, Shift-Dir - straight line, f/p - five-headed hydra
Aim: a five-headed hydra (moderately wounded, 92% to hit)
The stone arrow hits the five-headed hydra!!
The five-headed hydra is severely wounded.
The five-headed hydra bites you but does no damage.
The five-headed hydra barely misses you. x2
The five-headed hydra closely misses you.
The five-headed hydra barely misses you.
The yak barely misses you.
Casting: Stone Arrow (safe; 1% risk of failure)
Confirm with . or Enter, or press ? or * to list all spells.
Aiming: Stone Arrow (safe; 1% risk of failure)
Press: ? - help, Shift-Dir - straight line, f/p - five-headed hydra
Aim: a five-headed hydra (severely wounded, 92% to hit)
The stone arrow hits the five-headed hydra!!
The five-headed hydra is almost dead.
The five-headed hydra barely misses you.
The five-headed hydra closely misses you.
The five-headed hydra bites you! x2
* * * LOW HITPOINT WARNING * * *
The five-headed hydra closely misses you.
The yak gores you!
* * * LOW HITPOINT WARNING * * *
Casting: Stone Arrow (safe; 1% risk of failure)
Confirm with . or Enter, or press ? or * to list all spells.
Aiming: Stone Arrow (safe; 1% risk of failure)
Press: ? - help, Shift-Dir - straight line, f/p - five-headed hydra
Aim: a five-headed hydra (almost dead, 92% to hit)
The stone arrow hits the five-headed hydra!!
You kill the five-headed hydra!
* * * LOW HITPOINT WARNING * * *
The yak gores you!
You die...

................
....#..#................
....##..#..#.........#.#
.##.##.#................
.†#.##..................
††#..#.#...............#
........................
...........#.........#
....###....#...†@###
....# ##.......Y...#
....####...##.....##
....#.............#
....#.............#
..................#
.^...........######
............##
...#P.......#


You could see a yak.

Vanquished Creatures
  Fannar (D:10)
  A hydra (Lair:1)
  3 two-headed ogres
  A soul eater (D:10)
  Pikel (D:5)
  A manticore (D:7)
  A cyclops (D:10)
  A black mamba (Lair:1)
  2 orange demons (D:10)
  A komodo dragon (Lair:1)
  2 cane toads (Lair:1)
  A red devil (D:10)
  A troll (D:10)
  Grinder (D:5)
  11 yaks
  3 wyverns
  A basilisk (Lair:1)
  A steam dragon (D:7)
  3 wargs (D:8)
  An acid dragon (D:10)
  4 water moccasins
  An ice beast (D:7)
  3 orc warriors
  3 ogres
  4 centaurs
  4 lemures (D:5)
  4 bullfrogs
  2 kobold brigands (D:10)
  2 necrophages (D:6)
  A scorpion (D:5)
  14 wights
  5 killer bees
  3 howler monkeys (D:9)
  3 quasits (D:10)
  8 orc priests
  5 hounds
  3 jellies
  Terence (D:3)
  6 iguanas
  9 orc wizards
  Natasha (thrice) (D:3)
  A hell rat (Sewer)
  4 gnolls (D:5)
  7 adders
  2 river rats (Sewer)
  3 white imps
  2 ufetubi
  6 worms
  4 dart slugs
  33 orcs
  11 endoplasms
  4 giant cockroaches
  5 goblins
  5 hobgoblins
  2 jackals (D:1)
  4 quokkas
  9 ball pythons
  3 bats (D:2)
  2 frilled lizards
  19 kobolds
  19 rats
271 creatures vanquished.

Vanquished Creatures (others)
  4 demonic plants (D:10)
  A fungus (Lair:1)
  3 plants (Lair:1)
8 creatures vanquished.

Grand Total: 279 creatures vanquished

Notes
Turn   | Place    | Note
-------+----------+-------------------------------------------
     0 | D:1      | Arzdou the Djinni Earth Elementalist began the quest for
                  | the Orb.
     0 | D:1      | Arzdou set off with the following spells memorised:
                  | Sandblast, Passwall, Stone Arrow, Petrify.
     0 | D:1      | Reached XP level 1. HP: 15/15 MP: 0/0
   162 | D:1      | Reached XP level 2. HP: 17/21 MP: 0/0
   305 | D:1      | Reached skill level 3 in Spellcasting
   614 | D:1      | Reached XP level 3. HP: 19/25 MP: 0/0
   614 | D:1      | Learned a level 1 spell: Necrotise
  1257 | D:2      | Reached XP level 4. HP: 20/31 MP: 0/0
  1473 | D:2      | Found a faded altar of an unknown god.
  2074 | D:2      | Found a snail-covered altar of Cheibriados.
  2292 | D:3      | Noticed Terence
  2334 | D:2      | Reached skill level 1 in Fighting
  2334 | D:2      | Reached skill level 4 in Spellcasting
  2334 | D:2      | Reached XP level 5. HP: 16/37 MP: 0/0
  2334 | D:2      | Learned a level 2 spell: Wereblood
  2533 | D:3      | Noticed Natasha
  2542 | D:3      | Killed Terence
  2694 | D:3      | Killed Natasha
  2798 | D:3      | Noticed Natasha
  2804 | D:3      | Killed Natasha
  2805 | D:3      | Reached XP level 6. HP: 29/42 MP: 0/0
  2937 | D:3      | Noticed Natasha
  2941 | D:3      | Killed Natasha
  3270 | D:4      | Found a glowing golden altar of the Shining One.
  3304 | D:4      | Found an iron altar of Okawaru.
  3696 | D:4      | Noticed an ogre
  3701 | D:4      | Killed an ogre
  3702 | D:4      | Reached skill level 5 in Spellcasting
  3702 | D:4      | Reached XP level 7. HP: 40/47 MP: 0/0
  3702 | D:4      | Learned a level 2 spell: Ensorcelled Hibernation
  3784 | D:4      | Found a glowing drain.
  3818 | Sewer    | Entered a sewer
  4051 | D:5      | Entered Level 5 of the Dungeon
  4275 | D:5      | Noticed Grinder
  4277 | D:5      | Reached skill level 6 in Spellcasting
  4282 | D:5      | Killed Grinder
  4283 | D:5      | Reached XP level 8. HP: 26/55 MP: 0/0
  4435 | D:5      | Noticed Pikel
  4443 | D:5      | Killed Pikel
  4444 | D:5      | Reached skill level 7 in Spellcasting
  4444 | D:5      | Reached XP level 9. HP: 19/60 MP: 0/0
  4444 | D:5      | Learned a level 3 spell: Lesser Beckoning
  4715 | D:5      | Noticed a two-headed ogre
  4727 | D:5      | Killed a two-headed ogre
  4728 | D:5      | Reached skill level 8 in Spellcasting
  5072 | D:6      | Reached skill level 9 in Spellcasting
  5386 | D:6      | Reached XP level 10. HP: 67/67 MP: 0/0
  5661 | D:7      | Reached skill level 10 in Spellcasting
  5740 | D:7      | Reached skill level 5 in Fighting
  6026 | D:7      | Noticed a moth of wrath
  6029 | D:7      | Found a bloodstained altar of Trog.
  6106 | D:7      | Noticed a manticore
  6120 | D:7      | Killed a manticore
  6224 | D:7      | Found a staircase to the Ecumenical Temple.
  6229 | Temple   | Entered the Ecumenical Temple
  6249 | Temple   | Became a worshipper of Ashenzari the Shackled
  6733 | D:8      | Noticed an eight-headed hydra
  7170 | D:8      | Noticed a two-headed ogre
  7188 | D:8      | Killed a two-headed ogre
  7189 | D:8      | Reached skill level 11 in Spellcasting
  7189 | D:8      | Reached XP level 11. HP: 61/76 MP: 0/0
  7189 | D:8      | Learned a level 4 spell: Sticky Flame
  7237 | D:8      | Found a staircase to the Lair.
  7826 | D:9      | Found a staircase to the Orcish Mines.
  7965 | D:10     | Entered Level 10 of the Dungeon
  8042 | D:10     | Noticed a two-headed ogre
  8047 | D:10     | Killed a two-headed ogre
  8116 | D:10     | Reached * piety under Ashenzari
  8133 | D:10     | Reached skill level 12 in Spellcasting
  8206 | D:10     | Found a stormy altar of Qazlal.
  8206 | D:10     | Found a shadowy altar of Dithmenos.
  8510 | D:10     | Noticed Fannar
  8699 | D:10     | Noticed a soul eater
  8711 | D:10     | Killed a soul eater
  8808 | D:10     | Noticed a cyclops
  8823 | D:10     | Killed a cyclops
  8840 | D:10     | Found a hide-covered altar of Uskayaw.
  8840 | D:10     | Noticed a +0 dagger
  8840 | D:10     | Noticed a +0 falchion
  8840 | D:10     | Noticed a +0 spear
  8841 | D:10     | Noticed a +0 spear
  8842 | D:10     | Noticed a +0 dagger
  8842 | D:10     | Noticed a +0 short sword
  8843 | D:10     | Noticed a +0 short sword
  8844 | D:10     | Noticed a +0 falchion
  9099 | D:10     | Killed Fannar
  9321 | Lair:1   | Entered Level 1 of the Lair of Beasts
  9345 | Lair:1   | Reached XP level 12. HP: 72/84 MP: 0/0
  9484 | Lair:1   | Reached skill level 13 in Spellcasting
  9662 | Lair:1   | Noticed a five-headed hydra
  9716 | Lair:1   | Killed a five-headed hydra
  9716 | Lair:1   | Mangled by a yak

Illustrated notes

Levels and vault maps discovered:
D:1:      spicycebolla_green_bress_n_ham, layout_loops_ring, serial_glass,
          glass_columns_b, glass_columns_c, st_stairs_6
D:2:      layout_basic, basic_altar, dreamdust_ecumenical_altar_statues
D:3:      layout_rooms, chequers_serial_rivers_room_b, dk_vineyard_3,
          uniq_natasha, uniq_terence
D:4:      layout_gridville, okawaru_trees_1, mainiacjoe_overflow_24_doors,
          portal_sewer_entry_c
D:5:      kennysheep_big_flooded_room, layout_basic, uniq_grinder, uniq_pikel
D:6:      layout_loops_ring
D:7:      layout_cave_pods, tgw_trog, minmay_temple_entry_nine_rooms
D:8:      layout_gridville, amcnicky_altar_gilded, erik_lair_orcish_takeover,
          nrook_campfire
D:9:      layout_rooms, orc_0_dummy
D:10:     layout_stronghold, minitemple, nicolae_uskayaw_en_pointe,
          serial_demonic, serial_demonic_b, serial_demonic_a, serial_demonic_a,
          serial_demonic_e, minmay_misc_feat_square, uniq_fannar
Temple:   eino_wide_crystal_templ
Lair:1:   layout_gridlike

Skill      XL: |  1  2  3  4  5  6  7  8  9 10 11 12 |
---------------+-------------------------------------+-----
Spellcasting   | 3 4 5 6 7 9 11 12 13 | 13.3
Fighting       | 1 2 3 4 5 6 |  6.9
Stealth        | 2 3 |  3.7
Dodging        | 3 4 |  4.4

Action                   |  1- 3 |  4- 6 |  7- 9 | 10-12 || total
-------------------------+-------+-------+-------+-------++-------
Melee: Whip              |       |       |       |     1 ||     1
 Cast: Sandblast         |    40 |    50 |    39 |    33 ||   162
       Necrotise         |     3 |       |       |       ||     3
       Stone Arrow       |       |    22 |    88 |   223 ||   333
       Ensorcelled Hiber |       |       |     5 |     4 ||     9
       Wereblood         |       |       |     1 |       ||     1
Invok: Curse Item        |       |       |       |     2 ||     2
  Use: Scroll            |       |       |    14 |     6 ||    20
       Potion            |       |       |     1 |       ||     1
Armor: Robe              |     3 |     5 |    10 |    17 ||    35
Dodge: Dodged            |     3 |    16 |    31 |    90 ||   140
